 Dungeon Crawl Stone Soup version 0.32-a0-136-gc02482bde3 (webtiles) character file.

Game seed: 80107810071247291

69 Asceticacid the Shield-Bearer (level 4, -9/41 HPs)
             Began as a Gnoll Fighter on Feb 10, 2024.
             Killed by divine providence
             ... invoked by an orc priest
              (15 damage)
             ... on level 4 of the Dungeon.
             The game lasted 00:01:22 (1049 turns).

Asceticacid the Shield-Bearer (Gnoll Fighter)       Turns: 1049, Time: 00:01:23

Health: -9/41      AC:  7    Str: 15    XL:     4   Next: 20%
Magic:  5/5        EV:  9    Int:  8    God:
Gold:   116        SH:  5    Dex: 13    Spells: 5/5 levels left

rFire   . . .        a - +0 long sword
rCold   . . .        c - +0 buckler
rNeg    . . .        b - +0 scale mail
rPois   .            (no helmet)
rElec   .            (no cloak)
rCorr   .            (no gloves)
SInv    .            (no boots)
Will    .....        (no amulet) Stlth
                     (no ring)
HPRegen 0.26/turn    (no ring)
MPRegen 0.09/turn

%: no passive effects
@: mighty
A: fangs 1, strong nose, distributed training
a: no special abilities


You were on level 4 of the Dungeon.
You visited 1 branch of the dungeon, and saw 3 of its levels.

You collected 116 gold pieces.

Inventory:

Hand Weapons
 a - a +0 long sword (weapon)
Missiles
 k - 6 poisoned darts (quivered)
Armour
 b - a +0 scale mail (worn)
 c - a +0 buckler (worn)
 f - an orb of wrath
Wands
 h - a wand of flame (12)
Scrolls
 g - 2 scrolls of teleportation {unknown}
 j - a scroll of enchant armour {unknown}
 l - 2 scrolls of enchant weapon {unknown}
Potions
 i - a potion of curing {unknown}
 m - a potion of ambrosia {unknown}


   Skills:
 + Level 6.6 Fighting
 + Level 1.1 Short Blades
 + Level 4.6 Long Blades
 + Level 1.1 Axes
 + Level 1.1 Maces & Flails
 + Level 1.1 Polearms
 + Level 1.1 Staves
 + Level 1.1 Ranged Weapons
 + Level 1.1 Throwing
 + Level 6.6 Armour
 + Level 1.1 Dodging
 + Level 1.1 Stealth
 + Level 6.6 Shields
 + Level 1.1 Unarmed Combat
 + Level 1.1 Spellcasting
 + Level 0.8 Conjurations
 + Level 0.8 Hexes
 + Level 0.8 Summonings
 + Level 0.8 Necromancy
 + Level 0.8 Translocations
 + Level 0.8 Fire Magic
 + Level 0.8 Ice Magic
 + Level 0.8 Air Magic
 + Level 0.8 Earth Magic
 + Level 0.8 Alchemy
 + Level 1.2 Invocations
 + Level 1.1 Evocations
 + Level 1.0 Shapeshifting


You had 5 spell levels left.
You didn't know any spells.
Your spell library contained the following spells:

 Spells                   Type           Power      Damage    Failure   Level
 Call Canine Familiar     Summ           1%         N/A       98%         3
 Fugue of the Fallen      Necr           1%         N/A       98%         3
 Ozocubu's Armour         Ice            1%         N/A       98%         3
 Sigil of Binding         Hex            1%         N/A       98%         3
 Dimensional Bullseye     Hex/Tloc       0%         N/A       100%        4
 Manifold Assault         Tloc           1%         N/A       100%        4


Dungeon Overview and Level Annotations

Branches:
Dungeon (2/15)

Altars:


Innate Abilities, Weirdness & Mutations

You have very sharp teeth.
Your uncanny sense of smell can sniff out nearby items.
Your experience applies equally to all skills.


Message History

You feel clever.
You slash the goblin!
You kill the goblin!
You block the orc's attack. The orc hits you but does no damage.
The orc attacks as it pursues you! The orc barely misses you.
Things that are here:
a +0 dagger; a goblin corpse You barely miss the orc.
Your hearing returns.
An orc comes into view. It is wielding a +0 hand axe.
You block the orc's attack.
You slash the orc!
You kill the orc!
The orc priest begins to cast a cantrip, but forgets the words!
You block the orc priest's attack.
Things that are here:
a +0 hand axe; a scroll labelled OMERUV QOPSO; an orc corpse You closely miss the orc priest.
The orc priest barely misses you.
You closely miss the orc priest.
The orc priest casts a cantrip, but nothing happens.
You hit the orc priest.
The orc priest is lightly wounded.
The orc priest hits you with a +0 mace. You block the orc priest's attack.
You closely miss the orc priest.
The orc priest is lightly wounded.
You slash the ogre!
The ogre is moderately wounded.
An orc comes into view. It is wielding a +0 short sword.
Okay, then.
You feel very mighty all of a sudden.
The ogre hits you with a +0 giant spiked club!
You barely miss the ogre.
The ogre is moderately wounded.
The ogre hits you with a +0 giant spiked club!
* * * LOW HITPOINT WARNING * * *
You slash the ogre!
The ogre is almost dead.
The orc priest invokes the aid of Beogh against you.
Beogh smites you!
You die...

.. ##.# #.##...
#......
#...######.#
#.#oo)o.o.#
#####.#o#####.#
......#O## ∆
#..@.## ##.....##
##.......#
#####.........#
###.............#
#...............#
#.#.####..###..##
#.#.# #..# .##
#.#.# #..# .#


You could see an ogre, an orc priest and 2 orcs.

Vanquished Creatures
  An orc priest (D:4)
  A ribbon worm (D:2)
  An orc (D:4)
  2 endoplasms (D:2)
  2 giant cockroaches
  7 goblins
  4 hobgoblins
  5 kobolds
  4 ball pythons
  A bat (D:1)
  4 frilled lizards
  2 rats
34 creatures vanquished.

Notes
Turn   | Place    | Note
-------+----------+-------------------------------------------
     0 | D:1      | Asceticacid the Gnoll Fighter began the quest for the Orb.
     0 | D:1      | Reached XP level 1. HP: 23/23 MP: 1/1
   126 | D:1      | Reached XP level 2. HP: 28/29 MP: 2/2
   618 | D:2      | Reached XP level 3. HP: 35/35 MP: 3/3
   889 | D:2      | Reached skill level 1 in Invocations
   987 | D:2      | You fall into a shaft and drop 2 floors!
  1032 | D:4      | Noticed an ogre
  1034 | D:4      | Reached skill level 1 in Short Blades
  1034 | D:4      | Reached skill level 1 in Axes
  1034 | D:4      | Reached skill level 1 in Maces & Flails
  1034 | D:4      | Reached skill level 1 in Polearms
  1034 | D:4      | Reached skill level 1 in Staves
  1034 | D:4      | Reached skill level 1 in Ranged Weapons
  1034 | D:4      | Reached skill level 1 in Throwing
  1034 | D:4      | Reached skill level 1 in Dodging
  1034 | D:4      | Reached skill level 1 in Stealth
  1034 | D:4      | Reached skill level 1 in Unarmed Combat
  1034 | D:4      | Reached skill level 1 in Spellcasting
  1034 | D:4      | Reached skill level 1 in Evocations
  1034 | D:4      | Reached skill level 1 in Shapeshifting
  1034 | D:4      | Reached XP level 4. HP: 25/41 MP: 5/5
  1049 | D:4      | Killed from afar by an orc priest

Illustrated notes

Levels and vault maps discovered:
D:1:      minmay_arrival_nine_rooms, layout_rooms, serial_bayou_pond_d
D:2:      layout_rooms
D:4:      layout_loops_ring, elyvilon_altar_1, trog_hazing_becter,
          minmay_temple_entry_ruins, lightli_ossuary_entry_decrepit_ruins,
          uniq_edmund

Skill      XL: |  1  2  3 |
---------------+----------+-----
Invocations    | 1 |  1.2
Short Blades   | 1 |  1.1
Axes           | 1 |  1.1
Maces & Flails | 1 |  1.1
Polearms       | 1 |  1.1
Staves         | 1 |  1.1
Ranged Weapons | 1 |  1.1
Throwing       | 1 |  1.1
Dodging        | 1 |  1.1
Stealth        | 1 |  1.1
Unarmed Combat | 1 |  1.1
Spellcasting   | 1 |  1.1
Evocations     | 1 |  1.1
Shapeshifting  | 1 |  1.0
Fighting       | |  6.6
Long Blades    | |  4.6
Armour         | |  6.6
Shields        | |  6.6
Conjurations   | |  0.8
Hexes          | |  0.8
Summonings     | |  0.8
Necromancy     | |  0.8
Translocations | |  0.8
Fire Magic     | |  0.8
Ice Magic      | |  0.8
Air Magic      | |  0.8
Earth Magic    | |  0.8
Alchemy        | |  0.8

Action                     |  1- 3 |  4- 6 || total
---------------------------+-------+-------++-------
  Melee: Long sword        |    89 |    10 ||    99
         Bite              |     8 |       ||     8
    Use: Scroll            |     1 |       ||     1
         Potion            |       |     1 ||     1
 Armour: Scale mail        |    48 |     4 ||    52
  Dodge: Dodged            |    37 |     2 ||    39
  Block: Buckler           |    16 |     4 ||    20

Table legend: (Time is in decaauts)
 A = Elapsed time spent in this place.
 B = Non-inter-level travel time spent in this place.
 C = Inter-level travel time spent in this place.
 D = Time resting spent in this place.
 E = Time spent auto-exploring this place.
 F = Levels seen in this place.
 G = Mean time per level.
                   A        B        C        D        E       F      G
               +--------+--------+--------+--------+--------+-----+--------+
         Total |   1071 |   1060 |     11 |      7 |    736 |   3 |  357.0 |
       Dungeon |   1071 |   1060 |     11 |      7 |    736 |   3 |  357.0 |
               +--------+--------+--------+--------+--------+-----+--------+

Top non-repeatable levels by time:
     D:1: 521 daAuts
     D:2: 485 daAuts
     D:4: 64 daAuts
